 Dungeon Crawl Stone Soup version 0.19.5 (webtiles) character file.

2494 Monsterracer the Basher (level 9, -4/100 HPs)
             Began as an Ogre Hunter on Aug 9, 2017.
             Was an Initiate of Gozag.
             Slain by Monsterracer's ghost (9 damage)
             ... on level 7 of the Dungeon.
             The game lasted 00:15:26 (8461 turns).

Monsterracer the Basher (Ogre Hunter)               Turns: 8461, Time: 00:15:27

Health: -4/100     AC:  6    Str: 27    XL:     9   Next: 52%
Magic:  8/9        EV: 17    Int: 10    God:    Gozag
Gold:   456        SH:  0    Dex: 15    Spells: 0 memorised, 8 levels left

rFire  . . .     SeeInvis .     h - +0 giant club
rCold  x . .     Gourm    .     l - +2 robe "Gepop" {+Inv rPois rC- MR+}
rNeg   . . .     Faith    .     (shield currently unavailable)
rPois  +         Spirit   .     (helmet restricted)
rElec  .         Reflect  .     i - +0 cloak
rCorr  .         Harm     .     (gloves unavailable)
MR     ++...                    (boots unavailable)
Stlth  +++.......               x - amulet of rage
                                m - ring of protection from magic (curse) {!R}
                                s - +2 ring of strength

@: mighty, agile, exhausted, very slightly contaminated, slowed, very slow
A: unfitting armour, horns 1, low mp 1, tough skin 1, weak 1
a: Potion Petition, Call Merchant, Bribe Branch, Renounce Religion, Evoke
Berserk Rage, Evoke Invisibility


You were on level 7 of the Dungeon.
You worshipped Gozag.
Gozag was aware of your devotion.
You were hungry.

You visited 2 branches of the dungeon, and saw 8 of its levels.

You collected 681 gold pieces.
You spent 131 gold pieces at shops.
You paid 94 gold pieces to Gozag.

Inventory:

Hand Weapons
 h - a +0 giant club (weapon)
Missiles
 c - 5 large rocks
 d - 2 throwing nets
 e - 148 stones (quivered)
 u - 8 tomahawks
Armour
 b - a +0 robe
 i - a +0 cloak (worn)
 l - the +2 robe "Gepop" (worn) {+Inv rPois rC- MR+}
   (You bought it in a shop on level 4 of the Dungeon)

   It makes you vulnerable to cold.
   It protects you from poison.
   It affects your resistance to hostile enchantments.
   It lets you turn invisible.
Jewellery
 m - a cursed ring of protection from magic (right hand) {!R}
 s - a +2 ring of strength (left hand)
 x - an amulet of rage (around neck)
Scrolls
 a - 6 scrolls of remove curse
 g - a scroll of amnesia
 n - a scroll of recharging
Potions
 o - 2 potions of flight
Comestibles
 f - 8 bread rations
 p - a meat ration


   Skills:
 * Level 9.4 Fighting
 * Level 9.5 Maces & Flails
 + Level 6.4 Throwing
 + Level 4.4 Dodging
 - Level 0.6 Stealth
 - Level 2.3 Evocations


You had 8 spell levels left.
You didn't know any spells.

Dungeon Overview and Level Annotations

Branches:
Dungeon (7/15)             Temple (1/1) D:5

Altars:
Ashenzari
Cheibriados
Dithmenos
Elyvilon
Fedhas
Gozag
Hepliaklqana
Makhleb
Okawaru
Qazlal
Ru
Sif Muna
Trog
Uskayaw
Vehumet
Xom
Yredelemnul
The Shining One

Shops:
D:4 [

Annotations:
D:7 Monsterracer's ghost, novice OgCK


Innate Abilities, Weirdness & Mutations

You are too large for most types of armour.
You have tough skin. (AC +1)
You have a pair of small horns on your head.
Your magical capacity is low. (-10% MP)
You are weak. (Str -2)


Message History

Monsterracer's ghost whispers, "Trust me.
Just give in."
Monsterracer's ghost hits you.
* * * LOW HITPOINT WARNING * * *
You feel very mighty all of a sudden.
Monsterracer's ghost closely misses you.
You beat Monsterracer's ghost like a drum!!!
You headbutt Monsterracer's ghost!
Monsterracer's ghost is almost destroyed.
Monsterracer's ghost hits you!
* * * LOW HITPOINT WARNING * * *
Monsterracer's ghost hits you!
* * * LOW HITPOINT WARNING * * *
Huge Dmg: -23%(-23hp) hp: 5%(5hp)
You closely miss Monsterracer's ghost.
You headbutt Monsterracer's ghost, but do no damage.
Monsterracer's ghost is almost destroyed.
You flicker back into view.
Monsterracer's ghost hits you!
You die...
Your body crumbles into a pile of gold.

#..# #..#
#############..#
#...........#).#
#.#########.#..#
#.# #.#..# #.#
#.#..## # #.#
#.....#####
###.####.#
####@.....#
..(......+
$#W####.#
###.####.# #.#
#.# #[# #$# #.#
#.# #$# ### #.#
#.....Wy. #.#
#.#...#yy #.#
#....?... .. ..#
..#..


You could see Monsterracer's ghost.

Vanquished Creatures
  The ghost of tidbits the Struggler, a novice HEWn of Okawaru (D:6)
  Duvessa (D:6)
  2 sky beasts
  2 orc warriors
  A phantom (D:6)
  2 ogres (D:6)
  A centaur (D:6)
  A bullfrog (D:6)
  A gnoll sergeant (D:6)
  Dowan (D:6)
  2 scorpions
  5 killer bees (D:7)
  3 crimson imps
  4 hounds
  3 orc priests (D:6)
  Terence (D:3)
  3 worker ants
  2 orc wizards (D:6)
  A hound skeleton (D:6)
  A hound zombie (D:6)
  Robin (D:3)
  5 gnolls
  15 adders
  4 shadow imps
  An ooze (D:1)
  2 worms
  4 dart slugs
  2 leopard geckos (D:2)
  11 orcs
  5 giant cockroaches
  12 goblins
  11 hobgoblins
  4 jackals (D:1)
  A quokka (D:6)
  2 ball pythons
  8 bats
  2 frilled lizards
  9 kobolds
  3 rats
140 creatures vanquished.

Notes
Turn   | Place    | Note
-------+----------+-------------------------------------------
     0 | D:1      | Monsterracer the Ogre Hunter began the quest for the Orb.
     0 | D:1      | Reached XP level 1. HP: 22/22 MP: 1/1
   138 | D:1      | Reached XP level 2. HP: 31/31 MP: 2/2
   608 | D:1      | Reached skill level 1 in Maces & Flails
   790 | D:2      | Reached XP level 3. HP: 39/39 MP: 3/3
  1653 | D:3      | Reached XP level 4. HP: 48/48 MP: 4/4
  1879 | D:3      | Noticed Robin
  1889 | D:3      | Killed Robin
  1902 | D:3      | HP: 2/48 [poisoned by a kobold]
  2268 | D:3      | Reached XP level 5. HP: 40/54 MP: 5/5
  2574 | D:3      | Reached skill level 5 in Maces & Flails
  3030 | D:3      | Found a basalt altar of Yredelemnul.
  3031 | D:3      | Noticed Terence
  3060 | D:3      | Killed Terence
  3267 | D:3      | Found a white marble altar of Elyvilon.
  3513 | D:4      | Reached XP level 6. HP: 51/63 MP: 6/6
  4031 | D:4      | Reached skill level 5 in Fighting
  4032 | D:4      | Found Syiryloang's Antique Armour Shop.
  4048 | D:4      | Bought a brightly glowing robe for 131 gold pieces
  4058 | D:4      | Identified the +2 robe "Gepop" {+Inv rPois rC- MR+} (You bought it in a shop on level 4 of the Dungeon)
  4393 | D:5      | Entered Level 5 of the Dungeon
  4679 | D:5      | Found a radiant altar of Vehumet.
  4688 | D:5      | Found a burning altar of Makhleb.
  4725 | D:5      | Reached skill level 5 in Throwing
  4799 | D:5      | Found a staircase to the Ecumenical Temple.
  4805 | Temple   | Entered the Ecumenical Temple
  4929 | Temple   | Became a worshipper of Gozag Ym Sagoz the Greedy
  4962 | D:5      | Reached XP level 7. HP: 67/72 MP: 7/7
  5023 | D:5      | Gained mutation: You have a pair of small horns on your head. [potion of mutation]
  5023 | D:5      | Gained mutation: Your magical capacity is low. (-10% MP) [potion of mutation]
  5023 | D:5      | Gained mutation: You are weak. (Str -2) [potion of mutation]
  5573 | D:5      | Found a stormy altar of Qazlal.
  5624 | D:5      | Found a shadowy altar of Dithmenos.
  5677 | D:5      | Found an iron altar of Okawaru.
  6277 | D:6      | Reached XP level 8. HP: 56/84 MP: 7/7
  6475 | D:6      | HP: 2/84 [centaur/arrow (5)]
  6927 | D:6      | Found a hazy altar of Hepliaklqana.
  6939 | D:6      | Reached skill level 1 in Evocations
  7005 | D:6      | Noticed tidbits's ghost (novice HEWn)
  7324 | D:6      | Killed tidbits's ghost
  7324 | D:6      | Reached XP level 9. HP: 8/97 MP: 9/9
  7937 | D:6      | Noticed Duvessa
  7953 | D:6      | Noticed Dowan
  7956 | D:6      | Killed Duvessa
  7972 | D:6      | Killed Dowan
  8092 | D:6      | Found a sacrificial altar of Ru.
  8337 | D:6      | Found a bloodstained altar of Trog.
  8406 | D:7      | Noticed Monsterracer's ghost (novice OgCK)
  8457 | D:7      | HP: 4/100 [Monsterracer's ghost (13)]
  8461 | D:7      | Slain by Monsterracer's ghost

Skill      XL: |  1  2  3  4  5  6  7  8  9 |
---------------+----------------------------+-----
Fighting       | 3 4 5 6 8 9 |  9.4
Dodging        | 2 3 4 |  4.4
Maces & Flails | 1 3 4 5 6 7 9 |  9.5
Throwing       | 5 6 |  6.4
Evocations     | 1 2 |  2.3
Stealth        | |  0.6

Action                   |  1- 3 |  4- 6 |  7- 9 || total
-------------------------+-------+-------+-------++-------
Melee: Short sword       |     3 |       |       ||     3
       Whip              |    54 |       |    85 ||   139
       Club              |    15 |       |       ||    15
       Mace              |    28 |   129 |       ||   157
       Flail             |       |    64 |    27 ||    91
       Headbutt          |       |       |    35 ||    35
       Giant club        |       |       |   186 ||   186
Throw: Stone             |    82 |   142 |    93 ||   317
       Large rock        |     4 |     1 |     1 ||     6
Invok: Potion Petition   |       |       |     1 ||     1
 Abil: Evoke Berserk Rag |       |       |     3 ||     3
       Evoke Invisibilit |       |       |     1 ||     1
  Use: Scroll            |     3 |     6 |       ||     9
       Potion            |       |     1 |     8 ||     9
 Stab: Sleeping          |       |     2 |       ||     2
       Invisible         |       |       |     2 ||     2
       Distracted        |       |       |     1 ||     1
  Eat: Chunk             |     2 |    10 |       ||    12
       Fruit             |       |       |     4 ||     4
       Meat ration       |       |       |     3 ||     3
       Beef jerky        |       |       |     1 ||     1
Armor: Robe              |    24 |    52 |    70 ||   146
       Skin              |       |       |    30 ||    30
Dodge: Dodged            |    55 |    98 |   160 ||   313
